 Dungeon Crawl Stone Soup version 0.29-a0-271-gd4eb659eea (webtiles) character file.

Game seed: 9574015548996535516

400 frimble the Magician (level 7, -2/50 HPs)
             Began as a Djinni Cinder Acolyte on Mar 8, 2022.
             Was a High Priest of Ignis.
             Slain by a lemure (7 damage)
             ... led by Pikel
             ... on level 5 of the Dungeon.
             The game lasted 00:04:36 (6256 turns).

frimble the Magician (Djinni Cinder Acolyte)        Turns: 6256, Time: 00:04:37

Health: -2/50      AC:  5    Str: 13    XL:     7   Next: 10%
Gold:   168        EV: 10    Int: 18    God:    Ignis [*****.] SH:  0 Dex:  8

rFire   + + +      SeeInvis .   q - +2 dagger (elec)
rCold   . . .      Faith    .   (no shield)
rNeg    . . .      Spirit   .   o - +2 leather armour {rC+}
rPois   ∞          Reflect  .   (no helmet)
rElec   .          Harm     .   (no cloak)
rCorr   .          Rampage  .   (no gloves)
Will    .....                   (boots unavailable)
Stlth   +.........              (no amulet)
HPRegen 0.16/turn               (no ring)
MPRegen 0.00/turn               (no ring)

@: flying
A: sickness immunity, fire resistance 2, cold vulnerability 1, float, innate
caster, HP casting, extra vitality 1
a: Renounce Religion, Fiery Armour, Foxfire Swarm, Rising Flame


You were on level 5 of the Dungeon.
You worshipped Ignis.
Ignis was extremely pleased with you.
You visited 1 branch of the dungeon, and saw 5 of its levels.

You collected 210 gold pieces.
You spent 42 gold pieces at shops.

Inventory:

Hand Weapons
 q - a +2 dagger of electrocution (weapon)
Missiles
 b - 10 poisoned darts (quivered)
Armour
 o - a +2 leather armour of cold resistance (worn)
Wands
 k - a wand of paralysis (7)
 n - a wand of flame (5)
Scrolls
 a - a scroll of teleportation
 d - a scroll of fog
 r - a scroll of holy word
Potions
 f - a potion of cancellation
 i - a potion of haste
 l - a potion of magic {unknown}
 m - 2 potions of ambrosia {unknown}
 p - a potion of attraction {unknown}
 s - a potion of invisibility {unknown}
 t - 2 potions of curing {unknown}


   Skills:
 - Level 3.2 Fighting
 + Level 3.1 Short Blades
 + Level 1.5 Stealth
 - Level 3.0 Unarmed Combat
 + Level 3.9 Spellcasting
 + Level 2.7 Evocations


You had 5 spell levels left.
You knew the following spells:

 Your Spells              Type           Power      Damage    Failure   Level
a - Scorch                Fire           34%        2d6       6%          2
b - Freeze                Ice            68%        1d8       3%          1
c - Corpse Rot            Necr/Air       34%        N/A       6%          2
d - Swiftness             Air            17%        N/A       12%         3
Your spell library was empty.

Dungeon Overview and Level Annotations

Branches:
Dungeon (4/15)
 Temple: D:4-7

Altars:
Xom

Shops:
D:1 *

Annotations:
D:5 Pikel


Innate Abilities, Weirdness & Mutations

You are immune to sickness and miasma.
You are immune to poison.
Your flesh is very heat resistant. (rF++)
You are vulnerable to cold. (rC-)
You float through the air rather than walking.
You learn spells naturally, not from books.
Your magical power is your life essence.
You have superior vitality. (+4 MHP)


Message History

You kill the ufetubus!
The ice beast closely misses you.
Casting: Scorch (safe; 6% risk of failure)
Confirm with . or Enter, or press ? or * to list all spells.
Flames lash the ice beast but do no damage.
You hear a shout!
The ice beast hits you but does no damage.
The orc priest looks encouraged for a moment.
Found a stone staircase leading up.
Found a stone staircase leading down.
Casting: Scorch (safe; 6% risk of failure)
Confirm with . or Enter, or press ? or * to list all spells.
Flames lash the ice beast.
The ice beast melts!
The ice beast is almost dead.
The ice beast hits you. The ice beast freezes you!
* * * LOW HITPOINT WARNING * * *
Casting: Scorch (safe; 6% risk of failure)
Confirm with . or Enter, or press ? or * to list all spells.
Flames lash the ice beast.
The ice beast melts!
You kill the ice beast!
* * * LOW HITPOINT WARNING * * *
Your Short Blades skill increases to level 3!
You have reached level 7!
The power to cast Swiftness wells up from within.
Spell assigned to 'd'.
Okay, then.
A howler monkey comes into view.
A gnoll comes into view. It is wielding a +0 spear.
The gnoll shouts!
You hear a shout! x2
As you read the scroll of teleportation, it crumbles to dust.
You feel strangely unstable.
A lemure comes into view.
Your surroundings seem slightly different.
Pikel, 3 lemures, 2 gnolls and 3 orcs come into view.
Pikel is wielding a +1 whip of freezing and wearing a +2 robe of fire resistance.
A gnoll is wielding a +1 whip of freezing.
Found a mace, a club and 5 gold pieces.
The lemure shouts! x2; The orc shouts!
The orc wizard shouts!
The lemure shouts!
Pikel shouts!
The gnoll shouts!
You hear an angry hiss.
The lemure hits you but does no damage. The lemure hits you!
You die...

,,,* *,...............###..#****
,,,* **####.#.....o.§.......,,,*
,,,* **#.#.......##......,,,*
*,,******,.$..........,.....,,,*
*,,,,,,,,..##.....<.##......,,,*
**,,,,,,,#**#.....>h#*,.....,,,*
,,,,**,,,.###....g..#.......,,,*
**,,,*,**........5......,.,.,,,*
***,,,,,......g@...#*,,,,,,,,,*
**,,,,,**#.....5........,,,,,,,*
,,,*,,,,*#....K.o...##..,,,,,,,*
,,**,**,,#..)...g...#***********
,,,*,***,#......5...#
,,,,,,,,,.....)5.o###******
,<*,,,,,,..###.#o..,,,,,,,*
,,,,,,,**#.,,.$#.##,,,,,,,*
,,**,*,,,,,,,,,,,,,,,,,,,,*


You could see Pikel, 4 lemures, a howler monkey, 2 orc wizards, 3 gnolls and 2
orcs.

Vanquished Creatures
  An ice beast (D:5)
  A scorpion (D:3)
  An orc priest (D:3)
  An iguana (D:4)
  3 orc wizards (D:3)
  An adder (D:4)
  An ufetubus (D:5)
  2 worms (D:3)
  3 dart slugs
  11 orcs
  2 ball pythons (D:1)
  8 bats
  5 endoplasms
  10 giant cockroaches
  6 goblins
  3 hobgoblins
  4 jackals (D:2)
  5 quokkas
  5 frilled lizards
  8 kobolds
  A rat (D:3)
82 creatures vanquished.

Notes
Turn   | Place    | Note
-------+----------+-------------------------------------------
     0 | D:1      | frimble the Djinni Cinder Acolyte began the quest for the
                  | Orb.
     0 | D:1      | Reached XP level 1. HP: 20/20 MP: 0/0
   293 | D:1      | Reached XP level 2. HP: 21/25 MP: 0/0
  1276 | D:1      | Reached XP level 3. HP: 17/30 MP: 0/0
  1276 | D:1      | Learned a level 1 spell: Freeze
  1405 | D:1      | Found a faded altar of an unknown god.
  1482 | D:1      | Found Vonipal's General Store.
  1486 | D:1      | Bought a scroll of magic mapping for 42 gold pieces
  2029 | D:1      | Reached skill level 1 in Short Blades
  2860 | D:2      | Found a shimmering altar of Xom.
  3506 | D:2      | Reached XP level 4. HP: 33/35 MP: 0/0
  4056 | D:2      | Identified the +8 hand axe of Ufepu {vorpal, rElec rC+
                  | Dex+4}
  4314 | D:3      | Noticed a scorpion
  4321 | D:3      | Killed a scorpion
  4322 | D:3      | Reached skill level 1 in Evocations
  4322 | D:3      | Reached XP level 5. HP: 25/40 MP: 0/0
  4322 | D:3      | Learned a level 2 spell: Corpse Rot
  5389 | D:3      | Reached XP level 6. HP: 42/46 MP: 0/0
  6144 | D:4      | Reached skill level 1 in Stealth
  6234 | D:4      | You are sucked into a shaft and drop 1 floor!
  6234 | D:5      | Entered Level 5 of the Dungeon
  6234 | D:5      | Noticed an ice beast
  6250 | D:5      | Killed an ice beast
  6251 | D:5      | Reached XP level 7. HP: 4/50 MP: 0/0
  6251 | D:5      | Learned a level 3 spell: Swiftness
  6256 | D:5      | Noticed Pikel
  6256 | D:5      | Slain by a lemure

Illustrated notes

Levels and vault maps discovered:
D:1:      dpeg_arrival_stonehenge_8_columns, layout_loops_corners, serial_shops,
          shop_statue, hellmonk_ecumenical_altar_run_dry
D:2:      minmay_roachtagon, layout_basic, basic_altar, minmay_strange_pillars
D:3:      minmay_wonky_spiral, layout_basic, grunt_ministairs_11
D:4:      wander_river, layout_cave_pods, mainiacjoe_overflow_boulevard,
          minmay_temple_entry_gardened_gates
D:5:      layout_rooms, portal_sewer_entry_e, uniq_pikel

Skill      XL: |  1  2  3  4  5  6 |
---------------+-------------------+-----
Short Blades   | 1 2 3 |  3.1
Spellcasting   | 3 |  3.9
Evocations     | 1 2 |  2.7
Stealth        | 1 |  1.5
Fighting       | |  3.2
Unarmed Combat | |  3.0

Action                   |  1- 3 |  4- 6 |  7- 9 || total
-------------------------+-------+-------+-------++-------
Melee: Unarmed           |    18 |       |       ||    18
       Dagger            |   142 |   104 |       ||   246
       Punch             |     3 |       |       ||     3
Throw: Dart              |       |     4 |       ||     4
 Cast: Scorch            |    23 |    45 |       ||    68
       Corpse Rot        |       |     1 |       ||     1
Evoke: Wand              |       |     4 |       ||     4
  Use: Potion            |       |     1 |       ||     1
       Scroll            |       |     9 |     1 ||    10
Armor: Robe              |    44 |    15 |       ||    59
       Leather armour    |       |    27 |     1 ||    28
Dodge: Dodged            |   120 |    80 |       ||   200

Table legend: (Time is in decaauts)
 A = Elapsed time spent in this place.
 B = Non-inter-level travel time spent in this place.
 C = Inter-level travel time spent in this place.
 D = Time resting spent in this place.
 E = Time spent auto-exploring this place.
 F = Levels seen in this place.
 G = Mean time per level.
                   A        B        C        D        E       F      G
               +--------+--------+--------+--------+--------+-----+--------+
         Total |   6240 |   6122 |    118 |    141 |   5260 |   5 | 1248.0 |
       Dungeon |   6240 |   6122 |    118 |    141 |   5260 |   5 | 1248.0 |
               +--------+--------+--------+--------+--------+-----+--------+

Top non-repeatable levels by time:
     D:1: 2484 daAuts
     D:2: 2024 daAuts
     D:3: 1610 daAuts
     D:4: 98 daAuts
     D:5: 21 daAuts
